 Adventure DCSS version bcrawl-1.18.1 (webtiles) character file.

Game seed: 9899138186552379484

154 Leeroy the Slasher (level 5, 0/32 HPs)
             Began as a Skeleton Reaver on Nov 10, 2019.
             Was a Believer of Vehumet.
             Slain by an orc
             ... wielding a +0 trident
              (2 damage)
             ... on level 4 of the Dungeon.
             The game lasted 00:06:28 (2625 turns).

Leeroy the Slasher (Skeleton Reaver)                Turns: 2625, Time: 00:06:28

Health: 0/32       AC:  6    Str: 18    XL:     5   Next: 13%
Magic:  0/9        EV: 13    Int: 12    God:    Vehumet [**....]
Gold:   177        SH:  1    Dex:  8    Spells: 9/10 levels left
                                        Lives:  0   Deaths: 2

rFire    . . .     SeeInvis .   a - +0 long sword
rCold    + . .     Gourm    .   (no shield)
rNeg     + + +     Faith    .   b - +0 steam dragon scales
rPois    ∞         Spirit   +   (no helmet)
rElec    .         Reflect  .   (no cloak)
rCorr    .         Harm     .   q - +0 pair of gloves
MR       .....                  (no boots)
Stlth    +.........             (no amulet)
HPRegen  0.10/turn              (no ring)
MPRegen  0.11/turn              (no ring)

@: no status effects
A: no food or potions, cold resistance 1, deterioration 1, negative energy
resistance 3, torment resistance, unbreathing, magic shield, sturdy frame 1,
spell healing
a: Renounce Religion


You were on level 4 of the Dungeon.
You worshipped Vehumet.
Vehumet was pleased with you.
You were not hungry.

You visited 1 branch of the dungeon, and saw 4 of its levels.

You collected 177 gold pieces.

Inventory:

Hand Weapons
 a - a +0 long sword (weapon)
 g - a +0 short sword
 n - a +0 long sword
 o - a +0 hand axe of chopping
 p - a +0 war axe
Missiles
 f - 60 poisoned needles
 i - 17 curare-tipped needles
 l - 342 sling bullets
 m - 436 stones (quivered)
 s - 132 arrows
Armour
 b - +0 steam dragon scales (worn)
 q - a +0 pair of gloves (worn)
Scrolls
 c - 2 scrolls of immolation
 d - a scroll of magic mapping {unknown}
 e - 3 scrolls of remove curse {unknown}
 h - 2 scrolls of teleportation
 j - 3 scrolls of identify {unknown}
 k - a scroll of enchant weapon {unknown}
 r - a scroll of amnesia {unknown}


   Skills:
 - Level 3.0 Fighting
 - Level 7.2 Long Blades
 + Level 4.6 Dodging
 - Level 3.0 Spellcasting


You had 9 spell levels left.
You knew the following spells:

 Your Spells              Type           Power        Failure   Level  Hunger
a - Freeze                Ice            #.....       7%          1    N/A

Your spell library contained the following spells:

 Spells                   Type           Power        Failure   Level  Hunger
 Searing Ray              Conj           #.....       11%         2    N/A
 Iskenderun's Battlesphe  Conj/Chrm      #.......     82%         5    N/A

Dungeon Overview and Level Annotations

Branches:
Dungeon (4/12)
 Temple: D:4-7

Altars:
Cheibriados
Fedhas

Annotations:
D:3 Natasha, Terence


Innate Abilities, Weirdness & Mutations

You do not eat or drink.
You are immune to poison.
Your flesh is cold resistant. (rC+)
Your body sometimes deteriorates upon taking damage.
You are immune to negative energy. (rN+++)
You are immune to unholy pain and torment.
You can survive without breathing.
When hurt, damage is shared between your health and your magic reserves.
Your movements are slightly less encumbered by armour. (ER -2)
Casting spells heals you.


Message History

You slash the orc!
The orc is almost dead.
The orc hits you but does no damage. The orc hits you with a +0 trident.
* * * LOW HITPOINT WARNING * * *
You slash the orc!
You kill the orc!
Vehumet accepts your kill.
You feel your power returning. The orc barely misses you.
The orc closely misses you.
Things that are here:
a +0 flail; a +0 leather armour; an orc corpse The orc hits you but does no damage.
Things that are here:
a +0 leather armour; an orc corpse You closely miss the orc.
The orc closely misses you.
The orc shouts!
You hit the orc.
The orc is almost dead.
The orc hits you with a +0 trident.
You die...

........####.....## .........#
#....##... ........##
.....#..$. .......<)#####..#
>...# .........†.....# ....#..
.........###...#.........
...............##.......#####
.........$.....)............##
..###..........@.............#
.# ...#.#.#....o.....##.....#
...##.###..##.......#o...##
... .. ##.####......SSZ..###
##..# #o....##†Z....# #.$.#
.......o.....##
...o......Z....#.#.....##
..r.........<..#........##
......?..............##..##


You could see 2 orcs.

Vanquished Creatures
  A centaur skeleton (D:4)
  A hound (D:4)
  An orc priest (D:4)
  A bullfrog skeleton (D:4)
  Natasha (twice) (D:3)
  An orc wizard (D:3)
  5 adders
  A worm (D:2)
  4 dart slugs
  4 leopard geckos
  4 orcs
  2 giant cockroaches (D:2)
  5 goblins
  11 hobgoblins
  6 jackals
  3 quokkas
  4 bats (D:2)
  A jackal skeleton (D:3)
  5 kobolds
  5 rats
67 creatures vanquished.

Vanquished Creatures (others)
  4 toadstools (D:1)
4 creatures vanquished.

Grand Total: 71 creatures vanquished

Notes
Turn   | Place    | Note
-------+----------+-------------------------------------------
     0 | D:1      | Leeroy the Skeleton Reaver began the quest for the Orb.
     0 | D:1      | Reached XP level 1. HP: 14/14 MP: 4/4
    57 | D:1      | Reached skill level 4 in Long Blades
    95 | D:1      | Reached XP level 2. HP: 19/19 MP: 6/6
   306 | D:1      | Reached * piety under Vehumet
   306 | D:1      | Offered knowledge of Freeze by Vehumet.
   312 | D:1      | Reached skill level 5 in Long Blades
   318 | D:1      | Learned a level 1 spell: Freeze
   593 | D:2      | Found a blossoming altar of Fedhas.
   605 | D:2      | Reached XP level 3. HP: 15/23 MP: 4/7
   819 | D:2      | Found a snail-covered altar of Cheibriados.
  1306 | D:3      | Noticed Natasha
  1319 | D:3      | Killed Natasha
  1319 | D:3      | Reached skill level 6 in Long Blades
  1319 | D:3      | Reached XP level 4. HP: 6/28 MP: 0/8
  2053 | D:3      | Noticed Natasha
  2075 | D:3      | Killed Natasha
  2075 | D:3      | Reached XP level 5. HP: 7/32 MP: 1/9
  2387 | D:3      | Noticed Terence
  2405 | D:3      | Reached skill level 7 in Long Blades
  2478 | D:3      | Noticed Natasha
  2529 | D:4      | Noticed a hungry ghost
  2535 | D:4      | Slain by an adder
  2536 | D:4      | Reached XP level 4. HP: -1/28 MP: 0/8
  2592 | D:4      | Slain by a worker ant
  2593 | D:4      | Reached XP level 3. HP: -2/23 MP: 0/7
  2606 | D:4      | Reached XP level 4. HP: 28/28 MP: 8/8
  2617 | D:4      | Offered knowledge of Searing Ray by Vehumet.
  2618 | D:4      | Reached ** piety under Vehumet
  2618 | D:4      | Reached XP level 5. HP: 7/32 MP: 5/9
  2620 | D:4      | HP: 1/32 [orc/+0 trident (4)]
  2625 | D:4      | Slain by an orc

Skill      XL: |  1  2  3  4  5 |
---------------+----------------+-----
Long Blades    | 4 5 6 7 |  7.2
Dodging        | 4 |  4.6
Fighting       | |  3.0
Spellcasting   | |  3.0

Action                   |  1- 3 |  4- 6 || total
-------------------------+-------+-------++-------
Melee: Long sword        |   161 |    97 ||   258
       Hand axe          |       |    28 ||    28
 Cast: Freeze            |     2 |     4 ||     6
  Use: Scroll            |       |     2 ||     2
 Stab: Sleeping          |       |     1 ||     1
Armor: Steam dragon scal |    58 |    68 ||   126
Dodge: Dodged            |   115 |   148 ||   263
Block: Other             |     1 |     5 ||     6
